 Dungeon Crawl Stone Soup version 0.28.0-53-g5a82cb258f (webtiles) character file.

Game seed: 12173385471520088041

363 MiltankisOP the Changer (level 6, -2/47 HPs)
             Began as a Draconian Transmuter on June 15, 2022.
             Slain by an ice beast (5 damage)
             ... on level 6 of the Dungeon on June 16, 2022.
             The game lasted 00:11:59 (4319 turns).

MiltankisOP the Changer (Draconian Transmuter)      Turns: 4319, Time: 00:12:01

Health: -2/47      AC:  7    Str: 12    XL:     6   Next: 39%
Magic:  8/9        EV: 12    Int: 15    God:
Gold:   97         SH:  0    Dex: 12    Spells: 6/9 levels left

rFire   . . .      SeeInvis .   u - +3 dagger (elec)
rCold   . . .      Faith    .   (no shield)
rNeg    . . .      Spirit   .   (armour unavailable)
rPois   .          Reflect  .   (helmet currently unavailable)
rElec   .          Harm     .   (no cloak)
rCorr   .          Rampage  .   b - +0 pair of gloves
Will    .....                   (boots currently unavailable)
Stlth   +.........              (no amulet)
HPRegen 0.15/turn               (no ring)
MPRegen 0.11/turn               (no ring)

@: appendages
A: horns 2, talons 2, AC +6, unfitting armour, cold-blooded
a: End Transformation


You were on level 6 of the Dungeon.
You had temporarily grown beastly horns and talons.
You visited 1 branch of the dungeon, and saw 6 of its levels.

You collected 97 gold pieces.

Inventory:

Hand Weapons
 r - a +2 dagger of holy wrath
 u - a +3 dagger of electrocution (weapon)
Missiles
 d - a throwing net
Armour
 b - a +0 pair of gloves (worn)
Jewellery
 g - a ring of protection from cold
 t - a ring of poison resistance
Scrolls
 f - 2 scrolls of vulnerability {unknown}
 i - a scroll of fog {unknown}
 l - 4 scrolls of identify {unknown}
 n - a scroll of noise {unknown}
 o - a scroll of magic mapping {unknown}
 p - a scroll of enchant armour {unknown}
 q - a scroll of amnesia {unknown}
 s - 2 scrolls of teleportation {unknown}
Potions
 a - a potion of degeneration {unknown}
 c - 4 potions of heal wounds {unknown}
 e - 2 potions of haste {unknown}
 h - a potion of cancellation {unknown}
 j - a potion of resistance {unknown}
 k - 2 potions of curing {unknown}
 m - a potion of berserk rage {unknown}


   Skills:
 - Level 1.1 Fighting
 - Level 1.7 Dodging
 - Level 3.0 Unarmed Combat
 - Level 2.0 Spellcasting
 + Level 6.9 Transmutations


You had 6 spell levels left.
You knew the following spells:

 Your Spells              Type           Power      Damage    Failure   Level
a - Beastly Appendage     Tmut           44%        N/A       1%          1
b - Wereblood             Tmut           22%        N/A       1%          2

Your spell library contained the following spells:

 Spells                   Type           Power      Damage    Failure   Level
 Spider Form              Tmut/Pois      11%        N/A       16%         3
 Magic Dart               Conj           4%         1d3       22%         1
 Call Imp                 Summ           1%         N/A       32%         2
 Ice Form                 Ice/Tmut       11%        N/A       47%         4
 Mephitic Cloud           Conj/Pois/Air  1%         N/A       54%         3


Dungeon Overview and Level Annotations

Branches:
Dungeon (6/15)
 Temple: D:4-7

Altars:
Dithmenos
Nemelex Xobeh
Qazlal
Xom

Annotations:
D:4 Edmund
D:5 Menkaure


Innate Abilities, Weirdness & Mutations

You have temporarily grown beastly horns and talons.
Your plain brown scales are hard. (AC +6)
You cannot fit into any form of body armour.
You are cold-blooded and may be slowed by cold attacks.


Message History

No target in view!
No target in view!
No target in view!
No target in view!
No target in view!
You see here a +0 flail.
Found 3 javelins.
Found a leather armour.
You see here 3 javelins.
Found a shadowy altar of Dithmenos.
A centaur comes into view.
The centaur shouts!
A bullfrog skeleton comes into view.
The centaur wields a +0 shortbow.
The centaur shoots an arrow.
The arrow closely misses you.
The centaur shoots an arrow.
The arrow hits you.
The centaur shoots an arrow.
The arrow hits you!
Casting: Beastly Appendage (safe; 1% risk of failure)
Confirm with . or Enter, or press ? or * to list all spells.
You grow a pair of large bovine horns.
Your feet morph into talons.
The centaur shoots an arrow.
The arrow hits you.
The centaur shoots an arrow.
The arrow hits you.
An ice beast comes into view.
The centaur shoots an arrow.
The arrow completely misses you.
The centaur unwields a +0 shortbow.
The centaur hits you.
The centaur kicks you but does no damage.
You completely miss the centaur. You tail-slap the centaur.
The centaur is lightly wounded.
The centaur hits you.
The centaur kicks you but does no damage.
The centaur barely misses you. The centaur closely misses you.
You barely miss the centaur. You claw the centaur. You headbutt the centaur!
The centaur is severely wounded.
The centaur barely misses you. x2
The centaur wields a +0 shortbow.
The centaur shoots an arrow.
The arrow hits you!
* * * LOW HITPOINT WARNING * * *
The ice beast hits you.
* * * LOW HITPOINT WARNING * * *
The ice beast freezes you.
You die...

#.#..≈.≈.._≈
###$...≈.≈≈≈≈≈ #.
....≈..?...
#####.#
...≈≈≈≈≈≈≈
....... .........
..... #....# ...
##c.#
#.##.Y.######
#...@[......##
###...##...(.####
#.#.####.#....#
...#.# #.####.#
...###.# #...#..#
##. #.# ###...##
. ... ###.....#
##
..#.........#####
####.##.).....


You could see an ice beast and a centaur.

Vanquished Creatures
  A scorpion (D:5)
  An orc priest (D:3)
  Jessica (D:2)
  Natasha (twice) (D:4)
  Terence (D:2)
  A howler monkey zombie (D:4)
  A howler monkey skeleton (D:5)
  6 adders
  2 ufetubi (D:4)
  2 dart slugs
  A worm (D:3)
  6 orcs
  3 ball pythons
  5 bats
  4 endoplasms
  4 giant cockroaches
  5 goblins
  9 hobgoblins
  4 jackals (D:4)
  5 quokkas
  4 frilled lizards
  6 kobolds
  8 rats
82 creatures vanquished.

Notes
Turn   | Place    | Note
-------+----------+-------------------------------------------
     0 | D:1      | MiltankisOP the Draconian Transmuter began the quest for
                  | the Orb.
     0 | D:1      | Reached XP level 1. HP: 16/16 MP: 3/3
   215 | D:1      | Reached XP level 2. HP: 23/23 MP: 1/5
   409 | D:1      | Reached skill level 3 in Transmutations
   740 | D:2      | Noticed Jessica
   746 | D:2      | Killed Jessica
   747 | D:2      | Reached skill level 4 in Transmutations
   747 | D:2      | Reached XP level 3. HP: 16/28 MP: 4/6
  1341 | D:2      | Noticed Terence
  1359 | D:2      | Killed Terence
  1360 | D:2      | Reached XP level 4. HP: 10/35 MP: 7/7
  2102 | D:3      | Reached skill level 5 in Transmutations
  2253 | D:3      | Found a faded altar of an unknown god.
  2298 | D:3      | Found a shimmering altar of Xom.
  2319 | D:3      | Reached XP level 5. HP: 35/40 MP: 6/8
  2366 | D:3      | Noticed a fire elemental
  2369 | D:3      | Found a stormy altar of Qazlal.
  2371 | D:3      | Noticed a water elemental
  2371 | D:3      | Noticed an air elemental
  2747 | D:3      | Learned a level 2 spell: Wereblood
  2980 | D:4      | Noticed an ogre
  3067 | D:4      | Noticed Natasha
  3093 | D:4      | Killed Natasha
  3265 | D:4      | Reached skill level 6 in Transmutations
  3402 | D:4      | Noticed Edmund
  3505 | D:4      | Noticed Natasha
  3510 | D:4      | Killed Natasha
  3544 | D:4      | Found a sparkling altar of Nemelex Xobeh.
  3583 | D:4      | Reached XP level 6. HP: 47/47 MP: 9/9
  3640 | D:5      | Entered Level 5 of the Dungeon
  4012 | D:5      | Noticed an orc warrior
  4061 | D:5      | Noticed Menkaure
  4306 | D:6      | Found a shadowy altar of Dithmenos.
  4315 | D:6      | Noticed an ice beast
  4319 | D:6      | Slain by an ice beast

Illustrated notes

Levels and vault maps discovered:
D:1:      erik_arrival_triangle_small, layout_rooms, minmay_indecisive_spiral
D:2:      layout_loops_ring, uniq_jessica, uniq_terence
D:3:      wad_river_or_something, layout_basic,
          nicolae_qazlal_style_of_elements, lemuel_crystal_altar,
          ebering_ecumenical_altar_box
D:4:      layout_loops_ring, nemelex_diamond_rough_becter, serial_shops, shop,
          serial_glass, glass_columns_a, glass_columns_b, uniq_natasha,
          uniq_edmund
D:5:      layout_cave_pools, tso_altar, amcnicky_altar_gilded,
          minmay_temple_entry_statues_fountains, uniq_menkaure
D:6:      layout_rooms, nicolae_wu_jian_immortal_techniques,
          mainiacjoe_overflow_catwalk_spiral

Skill      XL: |  1  2  3  4  5 |
---------------+----------------+-----
Transmutations | 4 5 6 |  6.9
Fighting       | |  1.1
Dodging        | |  1.7
Unarmed Combat | |  3.0
Spellcasting   | |  2.0

Action                   |  1- 3 |  4- 6 || total
-------------------------+-------+-------++-------
Melee: Unarmed           |    89 |   172 ||   261
       Kick              |    21 |    40 ||    61
       Headbutt          |    12 |    18 ||    30
       Tailslap          |    12 |    15 ||    27
       Punch             |       |     7 ||     7
       Dagger            |       |     6 ||     6
 Cast: Beastly Appendage |    25 |    35 ||    60
 Stab: Sleeping          |     2 |     1 ||     3
Armor: Skin              |    12 |    58 ||    70
Dodge: Dodged            |    39 |   124 ||   163
